 Dungeon Crawl Stone Soup version 0.24.0-2-g5b39cebb1c (webtiles) character file.

Game seed: 5392429485654782300, levelgen mode: deterministic

216 Mrkan the Chopper (level 5, 0/47 HPs)
             Began as a Hill Orc Monk on Oct 29, 2019.
             Killed from afar by an orc wizard (10 damage)
             ... with a puff of flame
             ... on level 4 of the Dungeon.
             The game lasted 00:04:03 (3783 turns).

Mrkan the Chopper (Hill Orc Monk)                   Turns: 3783, Time: 00:04:04

Health: 0/47       AC:  5    Str: 15    XL:     5   Next: 93%
Magic:  5/5        EV: 12    Int: 10    God:
Gold:   75         SH:  0    Dex: 13    Spells: 4/4 levels left

rFire    . . .     SeeInvis .   a - +0 hand axe
rCold    . . .     Gourm    .   (no shield)
rNeg     . . .     Faith    .   o - +0 ring mail
rPois    .         Spirit   .   (no helmet)
rElec    .         Reflect  .   (no cloak)
rCorr    .         Harm     .   (no gloves)
MR       .....                  (no boots)
Stlth    +.........             (no amulet)
HPRegen  0.15/turn              (no ring)
MPRegen  0.09/turn              (no ring)

@: no status effects
A: no striking features
a: no special abilities


You were on level 4 of the Dungeon.
You were not hungry.

You visited 1 branch of the dungeon, and saw 4 of its levels.

You collected 75 gold pieces.

Inventory:

Hand Weapons
 a - a +0 hand axe (weapon)
Armour
 o - a +0 ring mail (worn)
Jewellery
 j - a cursed amulet of faith {unknown}
 n - an uncursed ring of magical power {unknown}
Scrolls
 d - 2 scrolls of identify
 g - 5 scrolls of remove curse {unknown}
 h - 2 scrolls of teleportation {unknown}
 l - a scroll of magic mapping {unknown}
 m - 3 scrolls of enchant weapon {unknown}
 p - a scroll of immolation {unknown}
Potions
 e - a potion of curing
 f - a potion of degeneration {unknown}
 i - a potion of mutation {unknown}
 k - a potion of flight {unknown}
Comestibles
 b - 4 chunks of flesh
 c - 6 rations


   Skills:
 + Level 4.7 Fighting
 * Level 6.2 Axes
 + Level 2.4 Armour
 + Level 3.1 Dodging
 - Level 1.5 Stealth


You had 4 spell levels left.
You didn't know any spells.
Your spell library was empty.

Dungeon Overview and Level Annotations

Branches:
Dungeon (4/15)
 Temple: D:4-7

Altars:
Fedhas
Gozag
Nemelex Xobeh
Okawaru


Message History

You hit the orc wizard.
The orc wizard is moderately wounded.
The orc wizard hits you with a +0 dagger.
* * * LOW HITPOINT WARNING * * *
You barely miss the orc wizard.
The orc wizard is moderately wounded.
The orc wizard misses you. The orc wizard barely misses you.
You hit the orc wizard.
The orc wizard is heavily wounded.
The orc wizard casts a spell at you. The puff of frost hits you.
* * * LOW HITPOINT WARNING * * *
You hit the orc wizard but do no damage.
The orc wizard is heavily wounded.
The orc wizard hits you but does no damage. x2
You hit the orc wizard.
The orc wizard is severely wounded.
The orc wizard points at you and mumbles some strange words.
The puff of flame hits you!
You die...

...##..####...
............>..
#.....# .#
#....## .#
#...o# .####
#....##+#.....
#.........#
#........#######
#........ooo@).#
#.........######
#.........#
#.........######
#....##........#
#....####......#
#....# ######.#
#....#########.#
#.............##


You could see an orc wizard and 2 orcs.

Vanquished Creatures
  A scorpion (D:4)
  A hound (D:4)
  Terence (D:2)
  3 gnolls
  2 adders
  A worm (D:3)
  2 dart slugs (D:1)
  A leopard gecko (D:2)
  2 orcs (D:4)
  3 bats (D:1)
  8 goblins
  8 hobgoblins
  3 jackals (D:3)
  A quokka (D:3)
  8 frilled lizards
  8 kobolds
  3 rats
56 creatures vanquished.

Vanquished Creatures (others)
  4 toadstools (D:1)
4 creatures vanquished.

Grand Total: 60 creatures vanquished

Notes
Turn   | Place    | Note
-------+----------+-------------------------------------------
     0 | D:1      | Mrkan the Hill Orc Monk began the quest for the Orb.
     0 | D:1      | Reached XP level 1. HP: 19/19 MP: 1/1
   306 | D:1      | Reached XP level 2. HP: 22/27 MP: 2/2
   797 | D:1      | Reached skill level 1 in Armour
   867 | D:1      | Reached XP level 3. HP: 20/33 MP: 3/3
  1518 | D:1      | Reached skill level 5 in Axes
  1520 | D:1      | Reached XP level 4. HP: 7/40 MP: 4/4
  1910 | D:2      | HP: 2/40 [gnoll/+0 whip (7)]
  2290 | D:2      | Found an opulent altar of Gozag.
  2374 | D:2      | Found a sparkling altar of Nemelex Xobeh.
  2393 | D:2      | Noticed Terence
  2407 | D:2      | Killed Terence
  2790 | D:3      | Reached XP level 5. HP: 11/47 MP: 5/5
  3655 | D:4      | Found an iron altar of Okawaru.
  3658 | D:4      | Found a blossoming altar of Fedhas.
  3749 | D:4      | Reached skill level 6 in Axes
  3783 | D:4      | Killed from afar by an orc wizard

Levels and vault maps discovered:
D:1:      ldierk_water_garden, layout_basic
D:2:      layout_rooms, grunt_gozag_statues, nemelex_lonely_heart_becter,
          uniq_terence
D:3:      layout_loops_cross
D:4:      layout_basic, lemuel_doored_altar, marbit_many_paths,
          chequers_temple_overflow_statue_of_worship, minmay_temple_entry_tees,
          grunt_decor_clamped

Skill      XL: |  1  2  3  4  5 |
---------------+----------------+-----
Armour         | 1 2 |  2.4
Fighting       | 4 |  4.7
Axes           | 5 6 |  6.2
Dodging        | 3 |  3.1
Stealth        | |  1.5

Action                   |  1- 3 |  4- 6 || total
-------------------------+-------+-------++-------
Melee: Hand axe          |   111 |   142 ||   253
  Use: Scroll            |       |     1 ||     1
       Potion            |       |     2 ||     2
 Stab: Sleeping          |     2 |     1 ||     3
  Eat: Chunk             |     2 |     4 ||     6
       Ration            |       |     1 ||     1
Armor: Robe              |    12 |    11 ||    23
       Ring mail         |       |     8 ||     8
Dodge: Dodged            |    79 |    98 ||   177
